 Dungeon Crawl Stone Soup version 0.17-a0-2030-g9ce824c (webtiles) character file.

210 Adamkad1 the Cudgeler (level 5, -2/57 HPs)
             Began as an Ogre Berserker on Oct 11, 2015.
             Was a Believer of Trog.
             Slain by an orc priest (5 damage)
             ... on level 4 of the Dungeon.
             The game lasted 00:08:27 (2805 turns).

Adamkad1 the Cudgeler (Ogre Berserker)              Turns: 2805, Time: 00:08:27

Health: -2/57      AC:  3    Str: 20 (23) XL:     5   Next: 88%
Magic:  5/5        EV: 11    Int:  6      God:    Trog [**....]
Gold:   91         SH:  0    Dex:  9      Spells: 0 memorised, 4 levels left

rFire  . . .     SeeInvis .     a - +0 mace
rCold  + . .     Clarity  .     b - +0 animal skin
rNeg   . . .     SustAt   .     (no shield)
rPois  +         Gourm    .     (helmet restricted)
rElec  .         Spirit   .     (no cloak)
rCorr  .         Warding  .     (gloves unavailable)
rMut   .         Stasis   .     (boots unavailable)
MR     ++...                    (no amulet)
Stlth  +.........               l - ring of protection from cold
                                p - ring of poison resistance

@: exhausted, regenerating, slowed, very slow, very resistant to hostile
enchantments, very unstealthy
A: unfitting armour, tough skin 1
a: Burn Spellbooks, Berserk, Trog's Hand, Renounce Religion


You were on level 4 of the Dungeon.
You worshipped Trog.
Trog was pleased with you.
You were near starving.

You visited 1 branch of the dungeon, and saw 4 of its levels.

You collected 91 gold pieces.

Inventory:

Hand Weapons
 a - a +0 mace (weapon)
 u - a +0 blowgun
Missiles
 v - 12 poisoned needles
Armour
 b - a +0 animal skin (worn)
Jewellery
 j - an uncursed ring of fire
 l - a ring of protection from cold (right hand)
 p - a ring of poison resistance (left hand)
Wands
 o - a wand of slowing (18)
Scrolls
 d - 2 scrolls of immolation {unknown}
 e - a scroll of fog {unknown}
 h - 3 scrolls of amnesia {unknown}
 i - 2 scrolls of teleportation {unknown}
 n - 2 scrolls of fear {unknown}
 q - a scroll of noise {unknown}
 t - a scroll of blinking {unknown}
 y - a scroll of identify {unknown}
Potions
 k - a potion of might
 m - a potion of ambrosia {unknown}
 w - a potion of curing
Comestibles
 c - 2 bread rations
 f - 3 meat rations
 g - 2 royal jellies
 r - 3 chunks of flesh
 s - a beef jerky
 x - a fruit


   Skills:
 + Level 5.4 Fighting
 + Level 5.6 Maces & Flails
 + Level 4.2 Dodging
 + Level 0.5 Stealth


You had 4 spell levels left.
You didn't know any spells.

Dungeon Overview and Level Annotations

Branches:
Dungeon (4/15)
 Temple: D:4-7

Altars:
Okawaru
The Shining One


Innate Abilities, Weirdness & Mutations

You are too large for most types of armour.
You have tough skin (AC +1).


Message History

The orc hits you with a club.
The orc priest invokes the aid of Beogh against you.
Something smites you!
* * * LOW HITPOINT WARNING * * *
The orc barely misses you. The orc hits you with a club.
* * * LOW HITPOINT WARNING * * *
You closely miss the orc priest.
The orc priest is almost dead.
The orc priest completely misses you.
The orc wizard gestures wildly while chanting.
The orc wizard blinks!
The orc closely misses you. The orc hits you with a club.
* * * LOW HITPOINT WARNING * * *
The orc priest hits you.
* * * LOW HITPOINT WARNING * * *
You hit the orc priest.
The orc priest is almost dead.
You feel the effects of Trog's Hand fading.
The orc closely misses you. The orc barely misses you. The orc priest hits you.
You die...

## #.....#.# ..###
#.....#.# ?...#
##...>#.# .#
....##.......##.# .
#..........###.####
..####.................
.)...#...)..........###
o§.....oo...........# ##
......o@.##.........##..
........###.........#...
.[....[.................
........###.............
........# #.............
.o..........#....#.##...
............###..#.#....
##....#.... ##.........
......... #......(...


You could see 2 orc priests, an orc wizard and 2 orcs.

Vanquished Creatures
  A centaur skeleton (D:4)
  A hound (D:4)
  A worker ant (D:4)
  6 adders
  An ooze (D:4)
  2 worms
  3 giant geckos
  4 orcs
  A giant cockroach (D:3)
  9 goblins
  5 hobgoblins
  8 kobolds
  2 quokkas
  A ball python (D:1)
  6 bats
  4 giant newts
  12 rats
67 creatures vanquished.

Notes
Turn   | Place    | Note
--------------------------------------------------------------
     0 | D:1      | Adamkad1 the Ogre Berserker began the quest for the Orb.
     0 | D:1      | Reached XP level 1. HP: 24/24 MP: 1/1
   448 | D:1      | Reached XP level 2. HP: 32/32 MP: 2/2
  1065 | D:1      | Acquired Trog's second power
  1153 | D:2      | Reached XP level 3. HP: 40/40 MP: 3/3
  1524 | D:2      | Found an iron altar of Okawaru.
  1598 | D:2      | Reached XP level 4. HP: 42/49 MP: 4/4
  1760 | D:2      | Found a glowing golden altar of the Shining One.
  1806 | D:2      | Reached skill level 5 in Maces & Flails
  2574 | D:4      | Reached XP level 5. HP: 37/55 MP: 5/5
  2620 | D:4      | Reached skill level 5 in Fighting
  2804 | D:4      | HP: 1/57 [orc priest (3)]
  2805 | D:4      | Slain by an orc priest

Vault maps used:
D:1:      dpeg_arrival_ratfight
D:2:      okawaru_metal_pillars_3, tso_metal_star, minmay_surrounded
D:4:      first_bread, portal_sewer_entry_f

Action                   |  1- 3 |  4- 6 || total
-------------------------+-------+-------++-------
Melee: Mace              |    77 |   114 ||   191
Invok: Berserk           |     1 |     1 ||     2
       Trog's Hand       |     1 |     1 ||     2
  Use: Potion            |     4 |     4 ||     8
  Eat: Chunk             |     3 |     4 ||     7
